 Dungeon Crawl Stone Soup version 0.27-a0-1590-g15f69828bf (webtiles) character file.

Game seed: 11771618559117072946

3185 bande the Shield-Bearer (level 9, -3/54 HPs)
             Began as a Gargoyle Fighter on July 18, 2021.
             Was a Priest of Okawaru.
             Slain by a red ugly thing (16 damage)
             ... on level 9 of the Dungeon on July 19, 2021.
             The game lasted 00:16:27 (7315 turns).

bande the Shield-Bearer (Gargoyle Fighter)          Turns: 7315, Time: 00:16:28

Health: -3/54      AC: 20    Str: 22    XL:     9   Next: 95%
Magic:  11/11      EV:  7    Int:  9    God:    Okawaru [***...]
Gold:   651        SH: 11    Dex: 10    Spells: 8/8 levels left

rFire    . . .     SeeInvis .   i - +4 hand axe
rCold    . . .     Faith    .   c - +0 kite shield
rNeg     + . .     Spirit   .   o - +0 chain mail
rPois    ∞         Reflect  .   f - +1 helmet
rElec    +         Harm     .   l - +0 cloak
rCorr    .         Rampage  .   (no gloves)
Will     .....                  (no boots)
Stlth    ..........             m - amulet of regeneration
HPRegen  1.18/turn              (no ring)
MPRegen  0.12/turn              (no ring)

@: mighty
A: sickness immunity, AC +6, negative energy resistance 1, electricity
resistance, torment resistance 1, petrification resistance
a: Renounce Religion, Heroism


You were on level 9 of the Dungeon.
You worshipped Okawaru.
Okawaru was most pleased with you.
You visited 2 branches of the dungeon, and saw 10 of its levels.
You also visited: Ossuary.

You collected 651 gold pieces.

Inventory:

Hand Weapons
 a - a +1 war axe
 i - a +4 hand axe (weapon)
 p - a +2 mace of protection
Missiles
 h - 5 curare-tipped darts (quivered)
 q - 8 atropa-tipped darts
Armour
 c - a +0 kite shield (worn)
 f - a +1 helmet (worn)
 l - a +0 cloak (worn)
 o - a +0 chain mail (worn)
Jewellery
 m - an amulet of regeneration (around neck)
Wands
 j - a wand of paralysis (3)
 n - a wand of iceblast (12)
Scrolls
 b - a scroll of enchant weapon
 e - 4 scrolls of teleportation
 r - a scroll of fog
 w - a scroll of identify
 x - a scroll of magic mapping
Potions
 d - a potion of might
 g - 5 potions of curing
 k - a potion of resistance
 t - a potion of brilliance
 u - 2 potions of cancellation
 v - a potion of haste


   Skills:
 + Level 5.6 Fighting
 + Level 7.1 Axes
 + Level 6.7 Armour
 - Level 2.1 Dodging
 - Level 0.1 Stealth
 + Level 7.4 Shields
 * Level 3.1 Invocations
 * Level 4.4 Evocations


You had 8 spell levels left.
You didn't know any spells.
Your spell library contained the following spells:

 Spells                   Type           Power      Damage    Failure   Level
 Magic Dart               Conj           0%         1d3       100%        1
 Call Imp                 Summ           0%         N/A       100%        2
 Poisonous Vapours        Pois/Air       0%         N/A       100%        2
 Mephitic Cloud           Conj/Pois/Air  0%         N/A       100%        3
 Freezing Cloud           Conj/Ice/Air   0%         6-21      100%        5


Dungeon Overview and Level Annotations

Branches:
Dungeon (9/15)             Temple (1/1) D:6         Ossuary (visited)
   Lair: D:8-11         Orc: D:9-12

Altars:
Ashenzari
Cheibriados
Dithmenos
Elyvilon
Fedhas
Gozag
Hepliaklqana
Kikubaaqudgha
Makhleb
Nemelex Xobeh
Okawaru
Qazlal
Ru
Sif Muna
Trog
Uskayaw
Vehumet
Wu Jian
Xom
Yredelemnul
Zin
The Shining One

Shops:
D:4 ?

Annotations:
D:6 exclusion: statue


Innate Abilities, Weirdness & Mutations

You are immune to sickness and miasma.
Your stone body is resilient. (AC +6)
You are immune to poison.
You resist negative energy. (rN+)
You are resistant to electric shocks. (rElec)
You are resistant to unholy torment.
You are immune to petrification.


Message History

You are too injured to fight recklessly!
You hit the red ugly thing.
The red ugly thing is lightly wounded.
The red ugly thing bites you.
You are engulfed in flames!!
* * * LOW HITPOINT WARNING * * *
You feel much better. You block the red ugly thing's attack.
You feel very mighty all of a sudden. You block the red ugly thing's attack.
You slash the red ugly thing!
The red ugly thing is moderately wounded.
You block the red ugly thing's attack.
You hit the red ugly thing.
The red ugly thing is moderately wounded.
The red ugly thing bites you but does no damage.
You slash the red ugly thing!
The red ugly thing is heavily wounded.
The red ugly thing bites you.
You are engulfed in flames!
You closely miss the red ugly thing.
The red ugly thing is heavily wounded.
The red ugly thing bites you.
You are engulfed in flames!
* * * LOW HITPOINT WARNING * * *
Your shield and chain mail prevent you from hitting the red ugly thing.
The red ugly thing is heavily wounded.
You block the red ugly thing's attack.
You feel much better.
The red ugly thing bites you but does no damage.
Okay, then.
You slash the red ugly thing!
The red ugly thing is severely wounded.
The red ugly thing bites you.
You are engulfed in flames!
* * * LOW HITPOINT WARNING * * *
You slash the red ugly thing!
The red ugly thing is severely wounded.
The red ugly thing bites you but does no damage.
You slash the red ugly thing!
The red ugly thing is almost dead.
You block the red ugly thing's attack. The red ugly thing bites you.
* * * LOW HITPOINT WARNING * * *
You are engulfed in flames!
You die...

#........[..#
#......####.....
#......## #..
#.......### #..
#.........# #.#
#.......#.###.#
#!......(..##.#
#$............#
#.....@.......###
#####u..###.....#######
...### ##...........
#.### ##.#>.#####. #
#.#..# ## #.#.... #
#.###..# ## #.# #...#.
#.# #....


You could see a red ugly thing.

Vanquished Creatures
  Pikel (D:6)
  A wraith (D:8)
  A shadow (D:5)
  Eustachio (D:5)
  A water moccasin (D:6)
  An orc warrior (D:8)
  A sky beast (D:7)
  3 centaurs
  A phantom (D:4)
  A lemure (D:6)
  3 kobold brigands (D:8)
  3 bullfrogs
  3 scorpions
  2 wyvern skeletons (D:7)
  A bullfrog zombie (D:6)
  A centaur zombie (D:4)
  A hound (D:7)
  Crazy Yiuf (D:5)
  3 orc priests
  3 gnoll shamans
  A jelly (D:8)
  2 centaur skeletons
  3 iguanas
  5 orc wizards
  8 mummies (Ossuary)
  9 gnolls
  4 adders
  2 shadow imps
  2 white imps (D:8)
  An ufetubus (D:6)
  2 dart slugs
  2 worms
  11 orcs
  8 endoplasms
  3 giant cockroaches
  2 gnoll zombies (Ossuary)
  5 hobgoblins (D:1)
  7 jackals (D:2)
  8 ball pythons
  4 bats
  4 frilled lizards
  9 goblins
  2 hobgoblin zombies (Ossuary)
  13 kobolds
  3 kobold zombies (Ossuary)
  An orc zombie (Ossuary)
  2 rats (D:1)
156 creatures vanquished.

Vanquished Creatures (others)
  A centaur (D:9)
  3 fungi (D:1)
4 creatures vanquished.

Grand Total: 160 creatures vanquished

Notes
Turn   | Place    | Note
-------+----------+-------------------------------------------
     0 | D:1      | bande the Gargoyle Fighter began the quest for the Orb.
     0 | D:1      | Reached XP level 1. HP: 14/14 MP: 1/1
    85 | D:1      | Reached XP level 2. HP: 13/19 MP: 2/2
   233 | D:1      | Found a faded altar of an unknown god.
   712 | D:2      | Reached XP level 3. HP: 22/23 MP: 3/3
   923 | D:2      | You fall into a shaft and drop 1 floor!
  1150 | D:3      | Reached XP level 4. HP: 9/29 MP: 4/4
  2453 | D:3      | Found a snail-covered altar of Cheibriados.
  2507 | D:3      | Found a sacrificial altar of Ru.
  2797 | D:4      | Noticed a phantom
  2811 | D:4      | Killed a phantom
  2812 | D:4      | Reached XP level 5. HP: 21/33 MP: 5/5
  3123 | D:4      | Found a sparkling altar of Nemelex Xobeh.
  3129 | D:4      | Found a broken altar of Ashenzari.
  3279 | D:4      | Found Adist's Magic Scroll Emporium.
  3375 | D:4      | Reached skill level 1 in Dodging
  3375 | D:4      | Reached XP level 6. HP: 36/38 MP: 6/6
  3527 | D:5      | Entered Level 5 of the Dungeon
  3825 | D:5      | Noticed a shadow
  3834 | D:5      | Killed a shadow
  3835 | D:5      | Reached skill level 5 in Armour
  3835 | D:5      | Reached XP level 7. HP: 37/43 MP: 7/7
  3936 | D:5      | Noticed Eustachio
  3991 | D:5      | Killed Eustachio
  3992 | D:5      | Reached skill level 5 in Shields
  4185 | D:5      | Reached skill level 1 in Evocations
  4539 | D:5      | Found a runed translucent door.
  4540 | D:5      | Noticed Crazy Yiuf
  4702 | D:5      | Killed Crazy Yiuf
  4768 | D:6      | Found a staircase to the Ecumenical Temple.
  4779 | D:6      | Reached XP level 8. HP: 44/48 MP: 8/8
  4789 | Temple   | Entered the Ecumenical Temple
  4943 | Temple   | Became a worshipper of Warmaster Okawaru
  4981 | D:6      | Noticed Pikel
  5051 | D:6      | Killed Pikel
  5051 | D:6      | Reached * piety under Okawaru
  5052 | D:6      | Reached skill level 5 in Axes
  5131 | D:6      | Found a shadowy altar of Dithmenos.
  5137 | D:6      | Reached skill level 5 in Fighting
  5292 | D:6      | Reached XP level 9. HP: 54/54 MP: 9/9
  5307 | D:6      | Found a radiant altar of Vehumet.
  5776 | D:7      | Reached skill level 1 in Invocations
  5786 | D:7      | Reached ** piety under Okawaru
  6531 | D:8      | Found a sand-covered staircase.
  6536 | Ossuary  | Entered an ossuary
  7274 | D:9      | Reached *** piety under Okawaru
  7300 | D:9      | Noticed a red ugly thing
  7310 | D:9      | HP: 2/54 [red ugly thing (16)]
  7315 | D:9      | Slain by a red ugly thing

Illustrated notes

Levels and vault maps discovered:
D:1:      nzn_arrival_crosshair, layout_basic,
          shapermc_ecumenical_altar_mp_urbaneastern
D:2:      layout_rooms
D:3:      layout_basic, mainiacjoe_overflow_catwalk_spiral
D:4:      layout_loops_ring, old_standard_altar,
          nemelex_xobeh_ov_fountains_minmay, serial_shops, shop
D:5:      layout_basic, uniq_eustachio, uniq_crazy_yiuf_cottage
D:6:      layout_basic, nicolae_dithmenos_shadow_blocks, vehumet_statue,
          temple_fountains, uniq_pikel
D:7:      layout_basic
D:8:      layout_cave_pools, nicolae_ossuary_entry_plus
D:9:      layout_rooms, hangedman_incinerator
Temple:   nicolae_temple_elliptical

Skill      XL: |  1  2  3  4  5  6  7  8  9 |
---------------+----------------------------+-----
Axes           | 2 3 4 5 7 |  7.1
Armour         | 4 5 6 |  6.7
Shields        | 4 5 6 7 |  7.4
Fighting       | 4 5 |  5.6
Dodging        | 1 2 |  2.1
Evocations     | 1 3 4 |  4.4
Invocations    | 3 |  3.1
Stealth        | |  0.1

Action                   |  1- 3 |  4- 6 |  7- 9 || total
-------------------------+-------+-------+-------++-------
Melee: War axe           |    96 |   147 |    70 ||   313
       Hand axe          |       |       |   378 ||   378
  Use: Scroll            |     3 |     7 |     9 ||    19
       Potion            |     1 |     1 |     5 ||     7
Armor: Scale mail        |    70 |   105 |     4 ||   179
       Chain mail        |       |       |   353 ||   353
Dodge: Dodged            |    42 |    75 |   155 ||   272
Block: Kite shield       |    70 |    99 |   353 ||   522

Table legend: (Time is in decaauts)
 A = Elapsed time spent in this place.
 B = Non-inter-level travel time spent in this place.
 C = Inter-level travel time spent in this place.
 D = Time resting spent in this place.
 E = Time spent auto-exploring this place.
 F = Levels seen in this place.
 G = Mean time per level.
                   A        B        C        D        E       F      G
               +--------+--------+--------+--------+--------+-----+--------+
         Total |   7594 |   7443 |    151 |    826 |   4556 |  11 |  690.4 |
       Dungeon |   7217 |   7080 |    137 |    826 |   4318 |   9 |  801.9 |
        Temple |    164 |    150 |     14 |      0 |    139 |   1 |  164.0 |
       Ossuary |    212 |    212 |      0 |      0 |     99 |   1 |  212.0 |
               +--------+--------+--------+--------+--------+-----+--------+

Top non-repeatable levels by time:
     D:4: 1242 daAuts
     D:1: 988 daAuts
     D:5: 955 daAuts
     D:2: 949 daAuts
     D:3: 827 daAuts
     D:7: 782 daAuts
     D:6: 708 daAuts
     D:8: 632 daAuts
 Ossuary: 212 daAuts
  Temple: 164 daAuts
     D:9: 130 daAuts
